 Dungeon Crawl Stone Soup version 0.25.1-2-g60ff931df9 (webtiles) character file.

Game seed: 7140889276832024142

346 Chimkentus the Sneak (level 6, -6/42 HPs)
             Began as an Octopode Assassin on Aug 29, 2020.
             Mangled by an ogre
             ... wielding a +0 giant club
              (15 damage)
             ... on level 4 of the Dungeon.
             The game lasted 00:12:39 (3544 turns).

Chimkentus the Sneak (Octopode Assassin)            Turns: 3544, Time: 00:12:40

Health: -6/42      AC:  1    Str: 10    XL:     6   Next: 59%
Magic:  6/6        EV: 14    Int: 19    God:
Gold:   121        SH:  0    Dex: 16    Spells: 5/5 levels left

rFire    . . .     SeeInvis .   z - +0 dagger (venom)
rCold    . . .     Gourm    .   (no shield)
rNeg     . . .     Faith    .   (helmet restricted)
rPois    .         Spirit   .   (no amulet)
rElec    .         Reflect  .   y - +6 ring of intelligence
rCorr    .         Harm     .   (no ring)
MR       .....                  (no ring)
Stlth    +++++.....             (no ring)
HPRegen  0.14/turn              (no ring)
MPRegen  0.10/turn              (no ring)
                                (no ring)
                                (no ring)

@: no status effects
A: almost no armour, stealthy swim, amphibious, 8 rings, constrict 8, camouflage
1, gelatinous body 1
a: no special abilities


You were on level 4 of the Dungeon.
You were not hungry.

You visited 1 branch of the dungeon, and saw 4 of its levels.

You collected 121 gold pieces.

Inventory:

Hand Weapons
 a - a +2 dagger
 f - a +0 hand axe
 n - a +0 whip
 z - a +0 dagger of venom (weapon)
Missiles
 b - 19 poisoned darts (quivered)
 c - 2 curare-tipped darts
 e - 51 arrows
 g - 16 bolts
 p - 59 stones
Jewellery
 y - a +6 ring of intelligence (left tentacle)
Scrolls
 h - a scroll of noise {unknown}
 i - 3 scrolls of remove curse {unknown}
 l - 3 scrolls of identify
 m - 2 scrolls of random uselessness {unknown}
 o - 2 scrolls of teleportation {unknown}
 r - a scroll of fog {unknown}
 u - a scroll of enchant armour {unknown}
 x - a scroll of fear {unknown}
 A - a scroll of amnesia {unknown}
Potions
 j - 2 potions of invisibility
 v - a potion of degeneration {unknown}
 w - a potion of might {unknown}
 B - a potion of flight {unknown}
Comestibles
 d - 10 rations
 k - 9 chunks of flesh


   Skills:
 * Level 3.2 Fighting
 + Level 3.0 Short Blades
 + Level 3.2 Throwing
 * Level 3.1 Dodging
 + Level 7.3 Stealth


You had 5 spell levels left.
You didn't know any spells.
Your spell library was empty.

Dungeon Overview and Level Annotations

Branches:
Dungeon (4/15)
 Temple: D:4-7

Altars:
Uskayaw


Innate Abilities, Weirdness & Mutations

You cannot wear most types of armour.
You are very stealthy in the water. (Stealth+)
You are amphibious.
You can wear up to eight rings at the same time.
You can use your tentacles to constrict eight enemies at once.
Your skin changes colour to match your surroundings (Stealth+).
Your rubbery body absorbs attacks. (AC +1, EV +1)


Message History

Throwing (i - inventory. (/) - cycle)
C - a javelin (quivered)
Press: ? - help, Shift-Dir - straight line, f/p - ogre
Aim: an ogre, wielding a +0 giant club (heavily wounded)
You throw a javelin. The javelin pierces through the ogre!
The ogre is almost dead.
Throwing (i - inventory. (/) - cycle)
b - 20 poisoned darts (quivered)
Press: ? - help, Shift-Dir - straight line, f/p - ogre
Aim: an ogre, wielding a +0 giant club (almost dead)
You throw a poisoned dart. The poisoned dart hits the ogre.
The ogre is poisoned.
The ogre is almost dead.
You hit the ogre but do no damage.
The ogre looks even sicker.
The ogre is almost dead.
The ogre hits you with a +0 giant club!!
Ouch! That really hurt!
* * * LOW HITPOINT WARNING * * *
You hit the ogre but do no damage.
The ogre looks as sick as possible!
The ogre is almost dead.
The ogre hits you with a +0 giant club!
You die...

#.# #.# #.# #.#
#.###
#.#####...#
#.........#
########..#####.
..............#
###.###..###.##
#$ #.@..(.#
#.O.###.# #.(.#
#./.# ##..# #..#
#..# #((.


You could see an ogre (extremely poisoned).

Vanquished Creatures
  A phantom (D:3)
  A crimson imp (D:4)
  An orc priest (D:4)
  An iguana (D:4)
  An orc wizard (D:4)
  4 adders
  2 worms (D:3)
  A dart slug (D:3)
  5 leopard geckos
  8 orcs
  A ball python (D:3)
  A giant cockroach (D:3)
  14 goblins
  5 hobgoblins
  8 jackals
  6 kobolds
  2 quokkas
  10 bats
  5 frilled lizards
  5 rats
82 creatures vanquished.

Notes
Turn   | Place    | Note
-------+----------+-------------------------------------------
     0 | D:1      | Chimkentus the Octopode Assassin began the quest for the
                  | Orb.
     0 | D:1      | Reached XP level 1. HP: 14/14 MP: 1/1
   398 | D:1      | Reached XP level 2. HP: 19/19 MP: 2/2
   548 | D:1      | Reached skill level 6 in Stealth
   626 | D:1      | Reached XP level 3. HP: 24/24 MP: 3/3
  1287 | D:2      | Found a hide-covered altar of Uskayaw.
  1293 | D:2      | Reached XP level 4. HP: 14/30 MP: 4/4
  2041 | D:3      | Noticed a phantom
  2655 | D:3      | Killed a phantom
  2655 | D:3      | Reached skill level 7 in Stealth
  2655 | D:3      | Reached XP level 5. HP: 8/36 MP: 5/5
  3113 | D:4      | Reached XP level 6. HP: 16/42 MP: 6/6
  3544 | D:4      | Mangled by an ogre

Illustrated notes

Levels and vault maps discovered:
D:1:      ncdulo_smallfort, layout_basic
D:2:      layout_basic, eat_drink_and_be_merry_uskayaw
D:3:      layout_basic
D:4:      layout_loops_ring, amethyst_overflow_temple_binary, first_ration,
          serial_shops, shop, item_on_display_a, uniq_eustachio

Skill      XL: |  1  2  3  4  5  6 |
---------------+-------------------+-----
Stealth        | 6 7 |  7.3
Dodging        | 2 3 |  3.1
Fighting       | 3 |  3.2
Throwing       | 3 |  3.2
Short Blades   | 3 |  3.0

Action                   |  1- 3 |  4- 6 || total
-------------------------+-------+-------++-------
Melee: Dagger            |    67 |   108 ||   175
       Constrict         |    20 |    20 ||    40
       Tentacles         |    13 |    21 ||    34
Throw: Dart              |    12 |    16 ||    28
       Stone             |       |    12 ||    12
       Javelin           |       |    18 ||    18
  Use: Potion            |       |     5 ||     5
       Scroll            |       |     2 ||     2
 Stab: Sleeping          |     9 |    10 ||    19
       Distracted        |     1 |       ||     1
  Eat: Chunk             |     1 |     7 ||     8
Armor: Skin              |     8 |     2 ||    10
Dodge: Dodged            |    51 |    44 ||    95
